 Dungeon Crawl Stone Soup version 0.20-a0-795-ga03948b (webtiles) character file.

411401 Magnus the Sorcerer (level 22, -14/132 HPs)
             Began as a Deep Elf Conjurer on Feb 23, 2017.
             Was the Champion of Sif Muna.
             Killed by the air
             ... invoked by a spriggan air mage
              (18 damage)
             ... on level 3 of the Depths on Mar 1, 2017.
             The game lasted 09:01:10 (71945 turns).

Magnus the Sorcerer (Deep Elf Conjurer)            Turns: 71945, Time: 09:01:14

Health: -14/132    AC: 10    Str:  5    XL:     22   Next: 47%
Magic:  19/77      EV: 27    Int: 31    God:    Sif Muna [******]
Gold:   4380       SH:  0    Dex: 17    Spells: 8/72 levels left

rFire    + . .     SeeInvis +   D - staff of power
rCold    + . .     Gourm    .   X - +2 robe {Archmagi}
rNeg     + . .     Faith    .   (no shield)
rPois    +         Spirit   .   M - -2 hat of the Alchemist {rElec rPois rF+ rC+ rN+ MR+ rMut rCorr}
rElec    +         Reflect  .   t - +2 cloak {MR+}
rCorr    +         Harm     .   A - +2 pair of gloves
rMut     +                      F - +1 pair of boots of Beskoet {+Inv}
MR       ++++.                  k - amulet of magic regeneration
Stlth    ++........             w - ring of see invisible
Regen    0.4/turn               n - ring "Atuuhix" {MP+9 Dex+2 Slay+2}
MPRegen  0.7/turn

@: very slightly contaminated, hasted, invisible, very quick
A: no striking features
}: 2/15 runes: decaying, gossamer
a: Divine Energy, Channel Magic, Forget Spell, Renounce Religion


You were on level 3 of the Depths.
You worshipped Sif Muna.
Sif Muna was exalted by your worship.
You were very hungry.

You visited 8 branches of the dungeon, and saw 39 of its levels.
You also visited: Sewer, Ossuary, Bailey and Wizlab.

You collected 4770 gold pieces.
You spent 390 gold pieces at shops.

Inventory:

Hand Weapons
 d - the +9 staff of Olgreb {rPois}
   (You acquired it on level 1 of the Lair of Beasts)

   It protects you from poison.
Armour
 t - a +2 cloak of magic resistance (worn)
 x - the +1 pair of boots of Fuadih {Str+7}
   (You found it on level 1 of the Depths)

   It affects your strength (+7).
 A - a +2 pair of gloves (worn)
 B - the +3 robe of Clouds {+Fly rElec}
   (You found it on level 1 of the Depths)

   It insulates you from electricity.
   It lets you fly.
 F - the +1 pair of boots of Beskoet (worn) {+Inv}
   (You found it on level 15 of the Dungeon)

   It lets you turn invisible.
 M - the -2 hat of the Alchemist (worn) {rElec rPois rF+ rC+ rN+ MR+ rMut rCorr}
   (You found it on level 8 of the Dungeon)

   It protects you from fire.
   It protects you from cold.
   It insulates you from electricity.
   It protects you from poison.
   It protects you from negative energy.
   It affects your resistance to hostile enchantments.
   It protects you from acid and corrosion.
   It protects you from mutation.
 Q - a +2 robe of magic resistance
 R - quicksilver dragon scales
 X - a +2 robe of the Archmagi (worn)
Magical Staves
 D - an uncursed staff of power (weapon)
Jewellery
 e - an uncursed ring of positive energy
 k - an amulet of magic regeneration (around neck)
 n - the ring "Atuuhix" (left hand) {MP+9 Dex+2 Slay+2}
   (You acquired it on level 15 of the Dungeon)

   [ring of magical power]

   It affects your dexterity (+2).
   It affects your accuracy and damage with ranged weapons and melee attacks
   (+2).
   It affects your magic capacity (+9).
 q - an uncursed ring of stealth
 w - a ring of see invisible (right hand)
 J - an uncursed ring of protection from cold {unknown}
 S - an uncursed ring of protection from fire
Wands
 G - a wand of digging (8/24)
 T - a wand of clouds (3/9)
Scrolls
 f - 9 scrolls of fear
 i - 19 scrolls of teleportation
 o - 3 scrolls of brand weapon
 u - 7 scrolls of recharging
 y - 2 scrolls of magic mapping
 z - 2 scrolls of summoning
 E - 18 scrolls of remove curse
 O - 6 scrolls of fog
 P - a scroll of identify
 W - a scroll of amnesia
 Y - a scroll of enchant weapon
 Z - a scroll of enchant armour
Potions
 g - 11 potions of agility
 h - 4 potions of flight
 j - 13 potions of heal wounds
 m - 20 potions of curing
 p - 4 potions of resistance
 s - 8 potions of might
 H - 3 potions of magic
 L - 6 potions of haste
 N - 3 potions of invisibility
Books
 a - a book of Ice

   Spells                             Type                      Level
   a - Ice Form                       Ice/Transmutation            4
   b - Metabolic Englaciation         Hexes/Ice                    5
   c - Ozocubu's Refrigeration        Ice                          6
   d - Bolt of Cold                   Conjuration/Ice              6
   e - Freezing Cloud                 Conjuration/Ice/Air          6
   f - Simulacrum                     Ice/Necromancy               6
 b - a book of Dreams

   Spells                             Type                      Level
   a - Ensorcelled Hibernation        Hexes/Ice                    2
   b - Silence                        Hexes/Air                    5
   c - Darkness                       Hexes                        6
   d - Shadow Creatures               Summoning                    6
 l - a book of Misfortune

   Spells                             Type                      Level
   a - Confusing Touch                Hexes                        1
   b - Confuse                        Hexes                        3
   c - Gell's Gravitas                Translocation                3
   d - Petrify                        Transmutation/Earth          4
   e - Metabolic Englaciation         Hexes/Ice                    5
   f - Yara's Violent Unravelling     Hexes/Transmutation          5
 v - a book of Power

   Spells                             Type                      Level
   a - Iskenderun's Battlesphere      Conjuration/Charms           5
   b - Venom Bolt                     Conjuration/Poison           5
   c - Bolt of Magma                  Conjuration/Fire/Earth       5
   d - Iron Shot                      Conjuration/Earth            6
   e - Orb of Destruction             Conjuration                  7
   f - Spellforged Servitor           Conjuration/Summoning        7
 C - Sif Muna's Collected Works on Attacks
   (Sif Muna gifted it to you on level 2 of the Depths)

   Spells                             Type                      Level
   a - Throw Frost                    Conjuration/Ice              2
   b - Bolt of Magma                  Conjuration/Fire/Earth       5
   c - Irradiate                      Conjuration/Transmutation    5
   d - Lightning Bolt                 Conjuration/Air              5
   e - Bolt of Cold                   Conjuration/Ice              6
 I - the Compendium of Warped Ignition
   (You found it on level 1 of the Depths)

   Spells                             Type                      Level
   a - Shroud of Golubria             Charms/Translocation         2
   b - Throw Flame                    Conjuration/Fire             2
   c - Ring of Flames                 Charms/Fire                  7
   d - Malign Gateway                 Summoning/Translocation      7
Comestibles
 c - 21 bread rations
 r - 14 meat rations
 K - 8 fruits
 V - a royal jelly


   Skills:
 + Level 12.0 Fighting
 - Level 18.6 Dodging
 - Level 2.4 Stealth
 + Level 25.6 Spellcasting
 + Level 22.3 Conjurations
 - Level 11.0 Charms
 + Level 15.1 Fire Magic
 - Level 2.6 Ice Magic
 - Level 7.0 Poison Magic
 - Level 6.0 Invocations


You had 8 spell levels left.
You knew the following spells:

 Your Spells              Type           Power        Failure   Level  Hunger
a - Poison Arrow          Conj/Pois      ########..   1%          6    None
b - Fireball              Conj/Fire      ########..   0%          5    None
c - Deflect Missiles      Chrm/Air       #######...   14%         6    None
d - Iron Shot             Conj/Erth      ########..   1%          6    None
e - Orb of Destruction    Conj           ########..   1%          7    None
f - Bolt of Cold          Conj/Ice       ########..   1%          6    None
g - Blink                 Tloc           N/A          1%          2    None
h - Ozocubu's Armour      Chrm/Ice       #######.     1%          3    None
i - Swiftness             Chrm/Air       #######.     1%          2    None
j - Lightning Bolt        Conj/Air       ########..   1%          5    None
k - Cause Fear            Hex            ######....   10%         4    None
l - Ignition              Fire           ########..   10%         8    ##.....
m - Olgreb's Toxic Radia  Pois           #######.     1%          4    None


Dungeon Overview and Level Annotations

Branches:
Dungeon (15/15)            Temple (1/1) D:6            Lair (6/6) D:8
  Swamp (4/4) Lair:3       Spider (4/4) Lair:2        Slime (0/5) Lair:6
    Orc (2/2) D:9             Elf (0/3) Orc:2        Vaults (4/5) D:13
  Crypt (0/3) Vaults:3     Depths (3/5) D:15

Altars:
Ashenzari
Cheibriados
Elyvilon
Kikubaaqudgha
Makhleb
Qazlal
Sif Muna
Wu Jian
Xom
Yredelemnul
Zin
Jiyva

Shops:
Orc:1 %   Orc:2 ?*(=}   Vaults:1 !

Portals:
Hell: Depths:1 Depths:2 Depths:3
Abyss: Depths:2
Pandemonium: Depths:3
Trove: Depths:2 (give 20 scrolls of identify)

Annotations:
D:14 Laan's ghost, journeyman DsBe
Spider:1 exclusion: Roxanne, Roxanne


Message History

The spark wasp barely misses you. The shadow dragon barely misses you.
The shadow dragon misses you. The shadow dragon closely misses you.
The stone giant throws a large rock.
The large rock barely misses the shadow dragon.
The large rock misses you.
The spriggan berserker rages.
A spriggan rider comes into view. It is wielding a spear.
Casting: Blink
Confirm with . or Enter, or press ? or * to list all spells.
You feel a surge of power!
You blink.
Okay, then.
Okay, then.
You feel yourself speed up.
The spriggan berserker rages.
The spriggan rider hits you from afar with a spear!!
* * * LOW HITPOINT WARNING * * *
The spriggan berserker rages.
The spriggan air mage waves its arms in wide circles.
The air twists around and strikes you!
You die...

....≈≈i)ii#.###
'..≈⌠.≈..iL...##
#........#.y.?.##
##########DiC(..##
# #y'iEi..##
.D..##.D..(# .
##i...## ##....#
#.@'## ###'..#
...# ...# ≈..#
.≈.# .≈.# §..#


You could see a shadow dragon, a fire dragon, a stone giant, a lich (invisible),
a spark wasp, 2 spriggan riders, a spriggan berserker (berserk), 2 spriggan air
magi and an air elemental.

Vanquished Creatures
  Mara (Vaults:4)
  A juggernaut (Depths:1)
  Sojobo (Vaults:4)
  Margery (Depths:3)
  Jorgrun (Vaults:2)
  2 Tzitzimimeh (Depths:2)
  3 liches (Depths:2)
  A tentacled monstrosity (Depths:3)
  A quicksilver dragon (Depths:3)
  Asterion (Spider:1)
  A titan (Vaults:4)
  An eldritch tentacle (WizLab)
  3 tentacled starspawn (WizLab)
  A sphinx (Depths:2)
  A thorn hunter (Swamp:3)
  Gastronok (D:9)
  Donald (Spider:2)
  2 tengu reavers (Vaults:4)
  Kirke (Lair:2)
  A shadow dragon (Vaults:3)
  Agnes (Spider:4)
  4 frost giants
  7 fire giants
  4 iron dragons (Depths:1)
  10 vault wardens
  3 ghost moths (Spider:4)
  Aizul (Vaults:2)
  Louise (Spider:1)
  An emperor scorpion (Spider:4)
  An orc warlord (Vaults:3)
  A curse skull (Vaults:3)
  6 ironheart preservers
  2 vampire knights (Depths:3)
  A spriggan defender (Depths:3)
  6 very ugly things
  4 entropy weavers
  A deep elf demonologist (Vaults:2)
  17 stone giants
  A black draconian (WizLab)
  Azrael (Lair:2)
  5 spark wasps
  A deep elf death mage (Vaults:2)
  9 ettins
  2 jiangshi
  11 fire dragons
  13 vault guards
  A merfolk impaler (Depths:1)
  4 rakshasas
  4 great orbs of eyes
  14 ice dragons
  7 yaktaur captains
  2 spriggan air magi
  A ghost crab (Swamp:1)
  43 two-headed ogres
  2 death knights
  11 centaur warriors
  A catoblepas (Lair:5)
  14 hydras
  Erica (Lair:1)
  3 tengu warriors
  7 alligators
  13 ogre magi
  25 hell knights
  3 vampire magi
  5 deep troll earth magi
  Nergalle (D:11)
  9 deep troll shamans
  3 spriggan berserkers
  A thrashing horror (WizLab)
  A soul eater (WizLab)
  Sonja (D:13)
  A storm dragon zombie (Vaults:3)
  2 deep elf knights
  3 iron trolls
  3 fire crabs (Swamp:4)
  9 skeletal warriors
  6 unseen horrors
  A sixfirhy (WizLab)
  10 wizards
  3 glowing orange brains
  A storm dragon skeleton (Depths:2)
  4 swamp dragons (Swamp:4)
  24 deep trolls
  2 flayed ghosts
  3 shambling mangroves
  Pikel (D:7)
  18 ironbrand convokers
  An obsidian statue (WizLab)
  A golden dragon skeleton (Depths:2)
  6 necromancers
  2 deep elf archers (Vaults:4)
  15 orc knights
  32 wolf spiders
  2 orb spiders (shapeshifter) (D:15)
  7 deep elf magi
  16 orb spiders
  2 oklob plants (Lair:1)
  48 ugly things
  2 orc sorcerers
  6 cyclopes
  A salamander (shapeshifter) (Depths:1)
  3 moths of wrath
  2 manticores
  2 elephants
  A guardian serpent (shapeshifter) (Depths:1)
  2 salamanders (Depths:1)
  A worldbinder (WizLab)
  A water nymph (shapeshifter) (Vaults:3)
  A guardian serpent (Lair:6)
  7 vault sentinels
  9 black mambas
  4 rust devils (Depths:1)
  Maurice (D:8)
  An eye of devastation (shapeshifter) (Depths:2)
  Joseph (D:7)
  2 torpor snails
  4 gargoyles
  A demonspawn skeleton (WizLab)
  20 spiny frogs
  A rime drake (Lair:6)
  An efreet (D:13)
  An ice devil (WizLab)
  12 komodo dragons
  73 yaktaurs
  3 hellwings (WizLab)
  A kobold demonologist (D:13)
  6 freezing wraiths
  32 jumping spiders
  13 demonic crawlers
  A guardian mummy (D:15)
  11 trolls
  2 tengu conjurers (D:14)
  A red devil (WizLab)
  A polar bear (Lair:4)
  3 tyrant leeches
  A queen bee (D:14)
  A queen bee (shapeshifter) (D:12)
  2 jumping spiders (shapeshifter)
  3 meliai (D:14)
  31 hornets
  Grinder (Sewer)
  18 blink frogs
  40 slime creatures
  8 bog bodies
  3 meliai zombies
  5 large abominations
  16 hippogriffs
  2 spriggan zombies
  A raiju (WizLab)
  A fire giant simulacrum (Depths:2)
  2 deep troll zombies (D:15)
  An ettin zombie (Vaults:3)
  4 dream sheep (Lair:6)
  92 redbacks
  11 spriggans
  6 starcursed masses (WizLab)
  An ettin skeleton (Depths:2)
  4 shadows
  18 wyverns
  A spriggan (shapeshifter) (Vaults:1)
  3 water elementals (Depths:2)
  5 air elementals
  A spriggan skeleton (D:15)
  28 tarantellas
  A wyvern (shapeshifter) (Depths:3)
  3 vampires
  A ynoxinul (WizLab)
  4 wraiths
  21 yaks
  2 hogs (Spider:1)
  3 fire elementals
  A basilisk (shapeshifter) (Depths:2)
  A hungry ghost (D:8)
  5 chaos spawn
  30 vampire mosquitoes
  2 spatial vortices (WizLab)
  3 basilisks
  3 steam dragons (Swamp:4)
  23 insubstantial wisps
  2 wargs
  16 swamp worms
  An acid dragon (Vaults:2)
  5 hell hounds
  8 porcupines
  Duvessa (D:5)
  20 water moccasins
  13 swamp drakes
  53 orc warriors
  2 black bears
  An eye of draining (D:15)
  2 ice beasts
  A sky beast (D:8)
  A hornet zombie (D:15)
  4 necrophages (Lair:5)
  An ice dragon simulacrum (Vaults:1)
  39 ogres
  4 phantoms
  47 centaurs
  3 wolves (Lair:3)
  12 boggarts
  10 crocodiles
  A human zombie (Vaults:3)
  2 big kobolds
  13 bullfrogs
  A glowing shapeshifter simulacrum (Vaults:3)
  9 scorpions
  4 small abominations (Depths:2)
  Dowan (D:5)
  A wyvern skeleton (D:6)
  19 killer bees
  2 electric eels (Spider:1)
  4 wights (D:8)
  7 howler monkeys
  7 crimson imps
  3 bullfrog zombies
  A lava snake (Swamp:4)
  A quasit (Sewer)
  5 centaur zombies
  17 orc priests
  9 hounds
  4 iguanas
  2 jellies
  4 bullfrog skeletons
  6 centaur skeletons
  21 orc wizards
  13 worker ants
  4 big kobold zombies
  3 hound zombies
  2 hound skeletons
  5 mummies (Ossuary)
  A worker ant zombie (D:6)
  15 adders
  10 gnolls
  8 shadow imps
  2 ufetubi (Sewer)
  An ooze (Sewer)
  3 adder zombies
  2 worms (Lair:2)
  2 dart slugs
  6 leopard geckos
  86 orcs
  A bat zombie (Sewer)
  9 giant cockroaches
  A gnoll zombie (Ossuary)
  9 goblins
  12 hobgoblins
  8 jackals
  11 quokkas
  A ball python (D:2)
  13 bats
  9 frilled lizards
  A giant cockroach zombie (D:5)
  A goblin zombie (Ossuary)
  35 kobolds
  2 kobold zombies
  An orc zombie (Ossuary)
  A quokka skeleton (D:9)
  5 rats
  5 fungi
  A lurking horror (WizLab)
  2 plants (Lair:1)
  A starspawn tentacle (WizLab)
1869 creatures vanquished.

Vanquished Creatures (others)
  A hydra (Swamp:4)
  A swamp dragon (Swamp:4)
  A wolf spider (Spider:2)
  3 slaves (D:7)
  4 humans
  Menkaure (D:7)
  2 swamp drakes (Swamp:4)
  A centaur (D:6)
  A bullfrog (D:6)
  A howler monkey (D:6)
  A hound (D:6)
  A gnoll shaman (D:7)
  A big kobold zombie (Sewer)
  4 gnolls (D:7)
  An adder (D:6)
  A leopard gecko (D:6)
  21 fulminant prisms
  27 fungi
  59 plants
  5 starspawn tentacles (WizLab)
  A withered plant (D:15)
138 creatures vanquished.

Grand Total: 2007 creatures vanquished

Notes
Turn   | Place    | Note
-------+----------+-------------------------------------------
     0 | D:1      | Magnus the Deep Elf Conjurer began the quest for the Orb.
     0 | D:1      | Reached XP level 1. HP: 10/10 MP: 6/6
   125 | D:1      | Reached XP level 2. HP: 15/15 MP: 4/8
   429 | D:1      | Reached skill level 5 in Conjurations
   706 | D:1      | Reached skill level 4 in Spellcasting
   706 | D:1      | Reached XP level 3. HP: 15/19 MP: 3/10
  1239 | D:2      | Learned a level 2 spell: Searing Ray
  1243 | D:2      | Learned a level 3 spell: Dazzling Spray
  1310 | D:2      | Found an ornate altar of the Wu Jian Council.
  1510 | D:2      | Reached XP level 4. HP: 24/24 MP: 5/12
  1847 | D:2      | Found a burning altar of Makhleb.
  1959 | D:2      | Reached skill level 5 in Spellcasting
  2703 | D:3      | Reached XP level 5. HP: 28/28 MP: 9/14
  3398 | D:3      | Reached skill level 6 in Spellcasting
  3819 | D:3      | Learned a level 4 spell: Iskenderun's Mystic Blast
  3850 | D:4      | Reached XP level 6. HP: 32/32 MP: 9/17
  3906 | D:4      | Learned a level 4 spell: Force Lance
  3984 | D:4      | Found a stormy altar of Qazlal.
  4000 | D:4      | You fall through a shaft for 3 floors!
  4130 | D:6      | Found a shimmering altar of Xom.
  4198 | D:6      | Reached skill level 7 in Spellcasting
  4258 | D:6      | Found a glowing drain.
  4331 | Sewer    | Entered a sewer
  4689 | Sewer    | Found a burning altar of Makhleb.
  4700 | Sewer    | Noticed Grinder
  4788 | Sewer    | Killed Grinder
  4788 | Sewer    | Reached skill level 8 in Spellcasting
  4788 | Sewer    | Reached XP level 7. HP: 24/36 MP: 8/20
  5104 | Sewer    | Learned a level 4 spell: Fulminant Prism
  5449 | D:5      | Entered Level 5 of the Dungeon
  6258 | D:5      | Reached skill level 9 in Spellcasting
  6357 | D:5      | Reached XP level 8. HP: 41/41 MP: 12/23
  6442 | D:5      | Noticed Dowan
  6444 | D:5      | Noticed Duvessa
  6445 | D:5      | Killed Dowan
  6455 | D:5      | Killed Duvessa
  7130 | D:5      | Learned a level 2 spell: Blink
  7134 | D:5      | Learned a level 3 spell: Mephitic Cloud
  7726 | D:6      | Reached skill level 10 in Spellcasting
  8039 | D:6      | Found a snail-covered altar of Cheibriados.
  8047 | D:6      | Found a shimmering altar of Xom.
  8286 | D:6      | Found a staircase to the Ecumenical Temple.
  8291 | Temple   | Entered the Ecumenical Temple
  8335 | Temple   | Became a worshipper of Sif Muna the Loreminder
  8410 | D:6      | Reached skill level 11 in Spellcasting
  8410 | D:6      | Reached skill level 10 in Conjurations
  8779 | D:7      | Noticed Joseph
  9028 | D:7      | Noticed Pikel
  9036 | D:7      | Killed Pikel
  9036 | D:7      | Reached XP level 9. HP: 45/45 MP: 8/26
  9042 | D:7      | Killed Menkaure
  9295 | D:7      | Reached * piety under Sif Muna
  9430 | D:7      | Found a glowing silver altar of Zin.
  9473 | D:7      | Killed Joseph
  9616 | D:7      | Reached skill level 5 in Dodging
  9616 | D:7      | Reached skill level 12 in Spellcasting
 10307 | D:8      | Found a sand-covered staircase.
 10323 | Ossuary  | Entered an ossuary
 10852 | D:8      | Reached XP level 10. HP: 50/50 MP: 21/28
 11015 | D:8      | Reached ** piety under Sif Muna
 11222 | D:8      | Noticed Maurice
 11397 | D:8      | Killed Maurice
 11397 | D:8      | Reached skill level 13 in Spellcasting
 11729 | D:8      | Found a staircase to the Lair.
 12107 | D:8      | Learned a level 2 spell: Call Imp
 12113 | D:8      | Learned a level 5 spell: Lightning Bolt
 12116 | Lair:1   | Entered Level 1 of the Lair of Beasts
 12916 | Lair:1   | Noticed Erica
 13009 | Lair:1   | Killed Erica
 13485 | Lair:1   | Reached skill level 14 in Spellcasting
 13485 | Lair:1   | Reached XP level 11. HP: 29/54 MP: 20/31
 14135 | Lair:1   | Found a burning altar of Makhleb.
 14199 | Lair:1   | Noticed an oklob plant
 14199 | Lair:1   | Noticed an oklob plant
 14232 | Lair:1   | Killed an oklob plant
 14232 | Lair:1   | Reached *** piety under Sif Muna
 14245 | Lair:1   | Killed an oklob plant
 15697 | Lair:2   | Found a hole to the Spider Nest.
 16020 | Lair:3   | Reached skill level 10 in Dodging
 16255 | Lair:3   | Learned a level 4 spell: Cause Fear
 16297 | Lair:3   | Found a basalt altar of Yredelemnul.
 16596 | Lair:3   | Found a staircase to the Swamp.
 17246 | Lair:4   | Noticed a six-headed hydra
 17261 | Lair:4   | Killed a six-headed hydra
 17261 | Lair:4   | Reached **** piety under Sif Muna
 17268 | Lair:4   | Reached skill level 15 in Spellcasting
 18247 | Lair:6   | Entered Level 6 of the Lair of Beasts
 18615 | Lair:5   | Noticed a catoblepas
 18626 | Lair:5   | You fall through a shaft!
 18999 | Lair:5   | Reached XP level 12. HP: 59/59 MP: 20/33
 19483 | Lair:5   | Killed a catoblepas
 19726 | Lair:6   | Found a staircase to the Slime Pits.
 19726 | Lair:6   | Found a viscous altar of Jiyva.
 20046 | Lair:6   | Reached skill level 1 in Invocations
 20859 | Lair:6   | Reached skill level 16 in Spellcasting
 22089 | Lair:6   | Reached ***** piety under Sif Muna
 22506 | Lair:6   | Identified Raikh's Papyrus of Arcane Weapons (Sif Muna gifted it to you on level 6 of the Lair of Beasts)
 22506 | Lair:6   | Received a gift from Sif Muna
 22506 | Lair:6   | Reached skill level 5 in Invocations
 22553 | Lair:6   | Learned a level 4 spell: Throw Icicle
 23025 | Lair:6   | Reached XP level 13. HP: 63/63 MP: 11/35
 24977 | Lair:6   | Reached skill level 17 in Spellcasting
 24977 | Lair:6   | Reached skill level 1 in Ice Magic
 25361 | Lair:6   | Reached skill level 15 in Conjurations
 25923 | Lair:1   | Learned a level 2 spell: Swiftness
 25969 | Lair:1   | Learned a level 5 spell: Venom Bolt
 25974 | Lair:1   | Learned a level 4 spell: Olgreb's Toxic Radiance
 25984 | Lair:1   | Learned a level 6 spell: Poison Arrow
 26329 | D:9      | Found a staircase to the Orcish Mines.
 26600 | D:9      | Noticed Gastronok
 26605 | D:9      | Killed Gastronok
 26605 | D:9      | Reached skill level 1 in Poison Magic
 27227 | D:9      | Identified Sif Muna's Tome of Earthen Conjuration (Sif Muna gifted it to you on level 9 of the Dungeon)
 27227 | D:9      | Received a gift from Sif Muna
 27319 | D:10     | Entered Level 10 of the Dungeon
 28202 | D:11     | Found a shattered altar of Ashenzari.
 28202 | D:11     | Noticed Nergalle
 28205 | D:11     | Killed Nergalle
 28542 | D:11     | Found a flagged portal.
 28547 | Bailey   | Entered a bailey
 29700 | D:12     | Reached XP level 14. HP: 68/68 MP: 24/37
 31316 | D:13     | Learned a level 5 spell: Fireball
 31377 | D:13     | Noticed Sonja
 31379 | D:13     | Killed Sonja
 31555 | D:13     | Found a gate to the Vaults.
 31630 | D:13     | Reached skill level 18 in Spellcasting
 31769 | D:13     | Identified Sif Muna's Tome of Confrontation (Sif Muna gifted it to you on level 13 of the Dungeon)
 31769 | D:13     | Received a gift from Sif Muna
 31769 | D:13     | Reached skill level 5 in Poison Magic
 32588 | D:14     | Noticed Laan's ghost (journeyman DsBe)
 33570 | D:14     | Reached skill level 15 in Dodging
 34688 | D:15     | Entered Level 15 of the Dungeon
 34985 | D:15     | Identified Sif Muna's Compendium of the Hurtful Oath (Sif Muna gifted it to you on level 15 of the Dungeon)
 34985 | D:15     | Received a gift from Sif Muna
 35093 | D:15     | Got an encrusted helmet
 35106 | D:15     | Identified a scroll of acquirement
 35107 | D:15     | Got a shimmering pewter ring
 35273 | D:15     | Identified the ring "Atuuhix" {MP+9 Dex+2 Slay+2} (You acquired it on level 15 of the Dungeon)
 35362 | D:15     | Reached XP level 15. HP: 65/72 MP: 9/39
 35945 | D:15     | Found a staircase to the Depths.
 36238 | D:15     | Got a pair of distressingly furry boots
 36249 | D:15     | Identified the +1 pair of boots of Beskoet {+Inv} (You found it on level 15 of the Dungeon)
 36685 | Orc:1    | Entered Level 1 of the Orcish Mines
 36793 | Orc:1    | Found Osilac's Food Shop.
 36957 | Orc:2    | Entered Level 2 of the Orcish Mines
 36957 | Orc:2    | Found a staircase to the Elven Halls.
 37012 | Orc:2    | Reached skill level 19 in Spellcasting
 37709 | Orc:2    | Found Liepsaq's Antique Weapon Shoppe.
 37709 | Orc:2    | Found Roylihal's Jewellery Boutique.
 37711 | Orc:2    | Found Aqeeser's General Store.
 37713 | Orc:2    | Found Koeheut's Gadget Shop.
 38153 | Orc:2    | Found Legayx's Magic Scroll Emporium.
 38165 | Orc:2    | Bought a scroll of identify for 34 gold pieces
 38165 | Orc:2    | Bought a scroll of amnesia for 59 gold pieces
 38165 | Orc:2    | Bought a scroll of identify for 34 gold pieces
 38165 | Orc:2    | Bought a scroll of enchant armour for 127 gold pieces
 38165 | Orc:2    | Bought a scroll of identify for 34 gold pieces
 38165 | Orc:2    | Bought a scroll of identify for 34 gold pieces
 38165 | Orc:2    | Bought a scroll of identify for 34 gold pieces
 38165 | Orc:2    | Bought a scroll of identify for 34 gold pieces
 38166 | Orc:2    | Identified the +2 helmet "Yzikotu" {Str+2 Int+3} (You found it on level 15 of the Dungeon)
 39193 | Orc:2    | Received a gift from Sif Muna
 39270 | Lair:1   | Upgraded the game from 0.20-a0-736-gd3249da to 0.20-a0-738-gb057e68
 39309 | Lair:1   | Learned a level 6 spell: Iron Shot
 39317 | Lair:1   | Learned a level 6 spell: Bolt of Cold
 39367 | Spider:1 | Entered Level 1 of the Spider Nest
 39410 | Spider:1 | Reached skill level 1 in Charms
 39598 | Spider:1 | Noticed Azrael
 39603 | Spider:1 | Noticed Kirke
 39796 | Lair:2   | Killed Kirke
 39926 | Lair:2   | Killed Azrael
 40352 | Spider:1 | Noticed Asterion
 40354 | Spider:1 | Killed Asterion
 40354 | Spider:1 | Reached skill level 5 in Charms
 40358 | Spider:1 | Noticed Louise
 40362 | Spider:1 | Killed Louise
 40588 | Spider:1 | Noticed Roxanne
 41850 | Spider:2 | Noticed Donald
 41862 | Spider:2 | Killed Donald
 41862 | Spider:2 | Reached XP level 16. HP: 43/76 MP: 6/41
 43194 | Spider:3 | Received a gift from Sif Muna
 43194 | Spider:3 | Reached skill level 20 in Spellcasting
 44384 | Spider:4 | Entered Level 4 of the Spider Nest
 45889 | Spider:4 | Reached skill level 10 in Charms
 45925 | Spider:4 | Identified Nilewn's Handbook of Damage Dealing (Sif Muna gifted it to you on level 4 of the Spider Nest)
 45925 | Spider:4 | Received a gift from Sif Muna
 46577 | Spider:4 | Noticed Agnes
 46581 | Spider:4 | Killed Agnes
 46866 | Spider:4 | Got a gossamer rune of Zot
 47007 | Spider:4 | Reached XP level 17. HP: 80/80 MP: 4/43
 47338 | Lair:1   | Learned a level 6 spell: Deflect Missiles
 47350 | Lair:1   | Learned a level 7 spell: Orb of Destruction
 47355 | Lair:1   | Learned a level 3 spell: Ozocubu's Armour
 47416 | Swamp:1  | Entered Level 1 of the Swamp
 47675 | Swamp:1  | Reached skill level 1 in Fighting
 47762 | Swamp:1  | Found an ancient bone altar of Kikubaaqudgha.
 48778 | Swamp:2  | Reached skill level 21 in Spellcasting
 48876 | Swamp:2  | Reached skill level 1 in Fire Magic
 50715 | Swamp:4  | Entered Level 4 of the Swamp
 51756 | Swamp:4  | Identified Sif Muna's Catalogue of Unholy Confrontation (Sif Muna gifted it to you on level 4 of the Swamp)
 51756 | Swamp:4  | Received a gift from Sif Muna
 52929 | Swamp:4  | Got a decaying rune of Zot
 53232 | Lair:1   | Upgraded the game from 0.20-a0-738-gb057e68 to 0.20-a0-788-g5cc1a67
 53648 | Vaults:1 | Entered Level 1 of the Vaults
 53752 | Vaults:1 | Reached skill level 5 in Fire Magic
 53829 | Vaults:1 | Found a magical portal.
 53834 | WizLab   | Entered The Roulette of Golubria
 53844 | WizLab   | Found a corrupted altar of Lugonu.
 53848 | WizLab   | Reached XP level 18. HP: 95/95 MP: 41/45
 53964 | WizLab   | Found a corrupted altar of Lugonu.
 54957 | WizLab   | Found a corrupted altar of Lugonu.
 55175 | WizLab   | Reached skill level 5 in Fighting
 55181 | WizLab   | Identified Golubria's Handbook of the Voyage
 55236 | WizLab   | Identified the Papyrus of Translocation
 55640 | Vaults:1 | Reached skill level 22 in Spellcasting
 55719 | Vaults:1 | Found Ureesug's Distillery.
 55737 | Vaults:1 | Identified Sif Muna's Volume of Confrontation (Sif Muna gifted it to you on level 1 of the Vaults)
 55737 | Vaults:1 | Received a gift from Sif Muna
 56310 | Vaults:1 | Got a fine helmet
 57270 | Vaults:2 | Noticed Jorgrun
 57274 | Vaults:2 | Killed Jorgrun
 57506 | Vaults:2 | Identified the +1 helmet "Hogamel" {*Contam rPois rF+ Int+3} (You found it on level 1 of the Vaults)
 57956 | Vaults:2 | Reached XP level 19. HP: 104/104 MP: 5/47
 58202 | Vaults:2 | Identified Sif Muna's Disquisition on Assistive Toxins (Sif Muna gifted it to you on level 2 of the Vaults)
 58202 | Vaults:2 | Received a gift from Sif Muna
 58475 | Vaults:2 | Got a polished leather armour
 58476 | Vaults:2 | Identified the +2 leather armour of the Furies {rPois Str+4 Stlth+} (You found it on level 2 of the Vaults)
 58550 | Vaults:2 | Noticed Aizul
 58557 | Vaults:2 | Killed Aizul
 59359 | Vaults:3 | Found a staircase to the Crypt.
 59955 | Vaults:3 | Reached skill level 10 in Fire Magic
 60093 | Vaults:3 | Reached skill level 23 in Spellcasting
 60265 | Vaults:3 | Received a gift from Sif Muna
 62034 | Vaults:3 | Reached XP level 20. HP: 114/114 MP: 49/49
 62352 | Vaults:4 | Identified Heno's Volume of Evil Arts and Aid (Sif Muna gifted it to you on level 4 of the Vaults)
 62352 | Vaults:4 | Received a gift from Sif Muna
 63453 | Vaults:4 | Noticed Sojobo
 63496 | Vaults:4 | Noticed Mara
 63499 | Vaults:4 | Noticed Magnus's illusion
 63778 | Vaults:4 | Noticed Magnus's illusion
 63785 | Vaults:4 | Killed Mara
 64046 | Vaults:4 | Killed Sojobo
 64046 | Vaults:4 | Reached skill level 24 in Spellcasting
 64604 | Lair:1   | Upgraded the game from 0.20-a0-788-g5cc1a67 to 0.20-a0-795-ga03948b
 64613 | Lair:1   | Learned a level 8 spell: Ignition
 64834 | Depths:1 | Entered Level 1 of the Depths
 64834 | Depths:1 | Noticed a juggernaut
 65083 | Depths:1 | Killed a juggernaut
 65083 | Depths:1 | Reached ****** piety under Sif Muna
 65083 | Depths:1 | Received a gift from Sif Muna
 65185 | Depths:1 | Got a scorched glaive
 65263 | Depths:1 | Reached skill level 10 in Fighting
 65749 | Depths:1 | Got a pair of bloodstained boots
 65996 | Depths:1 | Reached XP level 21. HP: 122/122 MP: 51/51
 66636 | Depths:1 | Found a gateway to Hell.
 66862 | Depths:1 | Identified the +1 pair of boots of Fuadih {Str+7} (You found it on level 1 of the Depths)
 67088 | Depths:1 | Identified the Compendium of Warped Ignition
 67328 | Depths:2 | Identified Sif Muna's Collected Works on Attacks (Sif Muna gifted it to you on level 2 of the Depths)
 67328 | Depths:2 | Received a gift from Sif Muna
 69297 | Depths:2 | Reached skill level 25 in Spellcasting
 70155 | Depths:2 | Found a portal to a secret trove of treasure.
 70230 | Depths:2 | Found a one-way gate to the infinite horrors of the Abyss.
 70302 | Depths:2 | Identified the cursed +2 glaive "Cookie Cutter" {freeze, Int+5} (You found it on level 1 of the Depths)
 70414 | Depths:3 | Received a gift from Sif Muna
 70688 | Depths:3 | Reached XP level 22. HP: 114/130 MP: 29/53
 71204 | Depths:3 | Noticed Margery
 71217 | Depths:3 | Killed Margery
 71370 | Depths:3 | Found a one-way gate leading to the halls of Pandemonium.
 71688 | Depths:3 | Reached skill level 15 in Fire Magic
 71934 | Depths:3 | Received a gift from Sif Muna
 71937 | Depths:3 | Paralysed by a floating eye for 3 turns
 71945 | Depths:3 | HP: 4/132 [spriggan rider/spear (22)]
 71945 | Depths:3 | Killed from afar by a spriggan air mage

Vault maps used:
D:1:      lemuel_arrival_muddy, st_stairs_9, minmay_door_square, minivault_23
D:2:      wad_woods_stonehenge, lemuel_round_altar
D:3:      cheibrodos_helix_gallery
D:4:      lemuel_coloured_pillars_altar, first_bread, kennysheep_generic_room_12
D:5:      uniq_duvessa
D:6:      nicolae_overflow_crystal_walls, minmay_temple_entry_nine_rooms,
          gup_sewer_entry_pipe, basic_altar, xom_confusion_cloud
D:7:      nicolae_overflow_hidden_temple, the_bakery, uniq_pikel, uniq_menkaure,
          uniq_joseph
D:8:      grunt_lair_entry_orc_guard_hut, nicolae_ossuary_entry_ruins,
          uniq_maurice
D:9:      uniq_gastronok
D:11:     enter_bailey_2, ashenzari_altar_1, uniq_nergalle
D:12:     minmay_glassy_protrusions, kennysheep_generic_room_10
D:13:     lightli_vaults_fourway_checkpoint, uniq_sonja
D:14:     nicolae_looking_at_the_future
D:15:     gammafunk_depths_entry_grave, minmay_strange_pillars,
          grunt_ministairs_4
Temple:   dpeg_five_rooms_temple
Lair:1:   basic_altar, minmay_lair_oklob_chamber, lemuel_fruit_tree, uniq_erica
Lair:2:   nicolae_spider_entry_non_spiders, grunt_megastairs_1
Lair:3:   minmay_swamp_entry_reptiles, basic_altar
Lair:4:   fungi_pond_lemuel
Lair:5:   roderic_carrion_pond
Lair:6:   hangedman_lair_tendril_chambers, slime_altar_1, lemuel_fruit_fields
Swamp:1:  nicolae_swamp_fairy_circle, swamp_pool1, nicolae_swamp_godswood,
          infiniplex_staircase_pool
Swamp:2:  hangedman_swamp_lotus, swamp_pool2
Swamp:3:  evilmike_swamp_ruin_house_1, hangedman_swamp_cone, swamp_pool2,
          water_boxes_lemuel
Swamp:4:  swamp_fiery, swamp_pool1
Spider:1: spider_trap, uniq_roxanne, uniq_asterion, uniq_kirke, uniq_azrael,
          uniq_louise
Spider:2: uniq_donald
Spider:3: hangedman_spider_tarantella_strand, nicolae_spider_cling_halls
Spider:4: grunt_spider_rune_parallel, spider_trap, uniq_agnes
Orc:1:    serial_shops, shop
Orc:2:    st_orc_rangers, serial_shops, shop
Vaults:1: dpeg_vaults_monster_row, dpeg_vaults_monster_box, v_misc_14,
          v_misc_19, v_pattern_3, nicolae_vaults_network_star,
          nicolae_vaults_yaktaur_gun_rack, nicolae_vaults_little_squares_4,
          serial_shops, shop_statue, mu_enter_wizlab_1
Vaults:2: vaults_room_fours, grunt_vaults_funnel, hangedman_vaults_maws,
          vaults_room_pool, vaults_dpeg_diagonal, v_pattern_1, v_misc_8,
          uniq_aizul, uniq_jorgrun
Vaults:3: v_misc_2, minmay_crypt_entry_simple_corners,
          ontoclasm_vaults_ring_large, v_misc_24, v_misc_12,
          nicolae_vaults_hallways_thing, v_rooms_2, dpeg_vaults_waves,
          vaults_dpeg_cross, vaults_room_pools,
          nicolae_vaults_diagonal_hallway_6, ontoclasm_vaults_gateway
Vaults:4: v_misc_32, ontoclasm_vaults_pinch, ontoclasm_vaults_fault,
          nicolae_vaults_puzzle_piece, hangedman_vaults_nodes, v_misc_29,
          v_alt_pattern_2, v_misc_29, vaults_room_door_ring, vaults_room_grid,
          ontoclasm_vaults_decontamination, vaults_room_stairs_pillars,
          uniq_mara, uniq_sojobo
Depths:1: minmay_ambush_box, grunt_decor_fettered, grunt_hell_entry_dis_grunt,
          grunt_decor_arrowhead, minmay_fountain_box, kennysheep_flooded_box,
          columned_hall_lemuel, hangedman_decor_diamond_cutter,
          minmay_misc_feat_roman, nicolae_water_bricks, minmay_metal_thing,
          infiniplex_staircase_pool_lava
Depths:2: cheibrodos_tormentor_scu, enter_trove_5, eino_curves_02,
          minmay_room_of_horrors, hell_entry, infiniplex_staircase_spiral
Depths:3: grunt_runaround, pan_entry, hell_entry, uniq_nikola, uniq_margery,
          uniq_bai_suzhen
Sewer:    kennysheep_sewer_church
Ossuary:  ossuary_crypta
Bailey:   bailey_polearm_4, bailey
WizLab:   wizlab_golubria

Skill      XL: |  1  2  3  4  5  6  7  8  9 10 11 12 13 14 15 16 17 18 19 20 21 22 |
---------------+-------------------------------------------------------------------+-----
Conjurations   | 5 6 7 8 10 11 12 13 14 15 16 17 18 19 20 21 22 | 22.3
Spellcasting   | 4 5 6 8 9 11 12 14 15 16 17 18 19 20 21 22 23 24 25 | 25.6
Dodging        | 3 6 8 11 12 13 15 16 17 18 | 18.6
Invocations    | 5 6 |  6.0
Ice Magic      | 2 |  2.6
Poison Magic   | 3 7 |  7.0
Charms         | 7 10 11 | 11.0
Fighting       | 4 6 8 10 11 12 | 12.0
Fire Magic     | 5 8 11 12 14 15 | 15.1
Stealth        | |  2.4

Action                   |  1- 3 |  4- 6 |  7- 9 | 10-12 | 13-15 | 16-18 | 19-21 | 22-24 || total
-------------------------+-------+-------+-------+-------+-------+-------+-------+-------++-------
Melee: Unarmed           |       |     1 |       |     4 |       |       |       |       ||     5
       Staff             |       |       |       |     1 |       |    36 |     9 |       ||    46
 Cast: Magic Dart        |    80 |   143 |   179 |    73 |    22 |       |       |       ||   497
       Searing Ray       |       |    20 |    46 |    47 |       |       |       |       ||   113
       Iskenderun's Myst |       |     1 |    25 |   237 |   144 |       |       |       ||   407
       Mephitic Cloud    |       |       |     4 |     3 |     3 |       |       |       ||    10
       Force Lance       |       |       |     4 |    13 |     2 |       |       |       ||    19
       Fulminant Prism   |       |       |     2 |    18 |     1 |       |       |       ||    21
       Blink             |       |       |       |    17 |    22 |    21 |    16 |     3 ||    79
       Call Imp          |       |       |       |    10 |       |       |       |       ||    10
       Throw Icicle      |       |       |       |    23 |   252 |       |       |       ||   275
       Poison Arrow      |       |       |       |       |   257 |   358 |   484 |    81 ||  1180
       Venom Bolt        |       |       |       |       |     5 |       |       |       ||     5
       Lightning Bolt    |       |       |       |       |     3 |       |    20 |     1 ||    24
       Dazzling Spray    |       |       |       |       |    13 |     3 |       |       ||    16
       Swiftness         |       |       |       |       |     1 |       |       |       ||     1
       Fireball          |       |       |       |       |    45 |    55 |    40 |       ||   140
       Olgreb's Toxic Ra |       |       |       |       |     3 |       |       |     1 ||     4
       Bolt of Cold      |       |       |       |       |    36 |    66 |     8 |       ||   110
       Iron Shot         |       |       |       |       |     1 |   206 |   105 |    15 ||   327
       Orb of Destructio |       |       |       |       |       |     7 |     6 |       ||    13
       Deflect Missiles  |       |       |       |       |       |     2 |     4 |     1 ||     7
       Ozocubu's Armour  |       |       |       |       |       |     1 |       |       ||     1
       Ignition          |       |       |       |       |       |       |    31 |     6 ||    37
       Cause Fear        |       |       |       |       |       |       |     1 |       ||     1
Invok: Channel Magic     |       |       |       |       |     1 |     1 |     1 |     1 ||     4
       Forget Spell      |       |       |       |       |     1 |     3 |       |       ||     4
Evoke: Staff of Olgreb   |       |       |       |       |       |     2 |       |       ||     2
  Use: Scroll            |       |    11 |     5 |    15 |    25 |    15 |     8 |     1 ||    80
       Potion            |       |       |       |       |     2 |     4 |     3 |     3 ||    12
 Stab: Distracted        |       |       |       |       |       |       |     1 |       ||     1
  Eat: Chunk             |     2 |     9 |    12 |    33 |    64 |    35 |    40 |     4 ||   199
       Fruit             |       |       |     1 |     3 |     6 |     3 |       |       ||    13
       Bread ration      |       |       |     1 |       |       |       |       |       ||     1
       Royal jelly       |       |       |       |     1 |     2 |     6 |     1 |       ||    10
Armor: Robe              |     1 |     1 |     7 |    12 |    10 |    17 |     8 |       ||    56
Dodge: Dodged            |    11 |    18 |    42 |   101 |   174 |   195 |   194 |    25 ||   760
       Deflected         |       |       |       |       |       |    11 |    50 |     6 ||    67
